[Event "*** Titled Tuesday Blitz"]
[Site "Chess.com"]
[Date "2020.04.14"]
[Round "8"]
[White "IM_Tissir"]
[Black "mattcolins2025"]
[Result "1-0"]
[WhiteElo "2515"]
[BlackElo "2299"]
[TimeControl "180+1"]
[EndTime "11:29:35 PDT"]
[Termination "IM_Tissir won by checkmate"]

1. e4 c5 2. Nc3 Nc6 3. Bb5 Nf6 4. Nf3 e6 5. O-O Qc7 6. Bxc6 Qxc6 7. d4 Nxe4 8. Ne5 Nxc3 9. bxc3 Qc7 10. Re1 Be7 11. Qg4 Bf6 12. Bf4 Qd8 13. Nc4 O-O 14. Bd6 cxd4 15.
Bxf8 Qxf8 16. cxd4 d5 17. Ne5 Qb4 18. Rab1 Qa4 19.
Rb3 b6 20. h4 Qxa2 21. Rf3 Bxe5 22. dxe5 Bd7 23. h5 h6 24. Rg3 g5 25. hxg6 Qxc2 26.
gxf7+ Kxf7 27. Rf3+ Ke7 28. Qh4+ Ke8 29. Qf6 Bc8 30. Qf8+ Kd7 31. Qd6+ Ke8 32. Rf8# 1-0

[Event "*** Titled Tuesday Blitz"]
[Site "Chess.com"]
[Date "2020.04.14"]
[Round "8"]
[White "Grischuk"]
[Black "Sviridov_Valery"]
[Result "1-0"]
[WhiteElo "3094"]
[BlackElo "2830"]
[TimeControl "180+1"]
[EndTime "11:29:36 PDT"]
[Termination "Grischuk won by resignation"]

1. Nf3 Nf6 2. g3 b6 3. d4 Bb7 4. c4 e6 5. Bg2 Be7 6. Nc3 O-O 7.
Qc2 d5 8. cxd5 Nxd5 9. Nxd5 Bxd5 10. O-O Nd7 11. e4 Bb7 12. Rd1 Rc8 13. Bf4 c5 14. d5 exd5 15. exd5 Re8 16. h4 h6 17. Bh3 b5 18. a4 b4 19. a5 Nf6 20. Ne5 Nxd5 21.
Qc4 Bf6 22. Bxc8 Qxc8 23. Rxd5 Bxe5 24. Rxe5 Rxe5 25. Bxe5 Qc6 26. f3 Qxf3 27. Qf1 Qh1+ 28. Kf2 Qf3+ 29. Ke1 Qe3+ 30. Qe2 Qg1+ 31. Qf1 Qe3+ 32.
Qe2 Qg1+ 33. Kd2 Qxa1 34. Qg4 g6 35. Qd7 1-0

[Event "*** Titled Tuesday Blitz"]
[Site "Chess.com"]
[Date "2020.04.14"]
[Round "8"]
[White "Hikaru"]
[Black "MishkaFighter"]
[Result "1-0"]
[WhiteElo "3228"]
[BlackElo "2613"]
[TimeControl "180+1"]
[EndTime "11:29:36 PDT"]
[Termination "Hikaru won on time"]

1. b3 Nf6 2. Bb2 e6 3. Nf3 d5 4. g4 h6 5. Rg1 Be7 6. h4 Nc6 7. g5 hxg5 8. hxg5 Nh5 9. e3 a6 10. c4 e5 11. cxd5 Qxd5 12. Nc3 Qd8 13. Qc2 g6 14. a3 Bf5 15. Ne4 Qd5 16. d3 O-O-O 17. O-O-O Rhe8 18. Nfd2 Kb8 19. Be2 Ng7 20. Nf6 Bxf6 21. gxf6 Ne6 22. e4 Qd7 23. Nf3 Bh3 24.
Rg3 Nf4 25. Kb1 Bg4 26. Bf1 Bxf3 27. Rxf3 Nd4 28. Bxd4 Qxd4 29. Qc4 Qxc4 30. bxc4 Rd6 31. d4 Rxf6 32. d5 b6 33. c5 bxc5 34. Rc3 Rb6+ 35. Ka2 Rh8 36. Rxc5 Rh2 37. Rc2 f5 38. Re1 Rh1 39. Rec1 Rh7 40. f3 Rf7 41. Bc4 Rh7 42. a4 Rb4 43. Bb3 fxe4 44. fxe4 Rxe4 45. d6 cxd6 46. a5 Nd3 47. Rc8+ Ka7 48. R1c3 Nc5 49. Bd5 Rh2+ 50. Kb1 Rb4+ 51. Kc1 Rh1+ 52. Bxh1 Nb7 53. R3c7 1-0

[Event "*** Titled Tuesday Blitz"]
[Site "Chess.com"]
[Date "2020.04.14"]
[Round "8"]
[White "ItsCheckM8Mate"]
[Black "FrogMist"]
[Result "0-1"]
[WhiteElo "2172"]
[BlackElo "2477"]
[TimeControl "180+1"]
[EndTime "11:29:36 PDT"]
[Termination "FrogMist won by resignation"]

1. e4 e5 2. Nf3 Nc6 3. Bb5 a6 4. Ba4 Nge7 5. O-O g6 6. c3 Bg7 7. d4 exd4 8. cxd4 d6 9. Nc3 b5 10. Bc2 Bg4 11. Be3 O-O 12. h3 Bxf3 13. gxf3 Na5 14.
Bg5 h6 15. Bh4 Qd7 16. Kh2 Rae8 17. f4 f5 18. f3 Nc4 19. Bb3 d5 20. Qe2 Nc6 21.
Bxc4 bxc4 22. Qg2 Nxd4 23. Nxd5 fxe4 24. fxe4 c6 25. Nc3 Qd6 26. e5 Qe6 27. Rad1 Nf5 28.
Bg3 Ne3 29. Qe4 Nxd1 30. Rxd1 Rd8 31. Re1 Rd2+ 32. Kh1 Qxh3+ 0-1

[Event "*** Titled Tuesday Blitz"]
[Site "Chess.com"]
[Date "2020.04.14"]
[Round "8"]
[White "guillembaches"]
[Black "Flawless_Fighter"]
[Result "0-1"]
[WhiteElo "2469"]
[BlackElo "2614"]
[TimeControl "180+1"]
[EndTime "11:29:37 PDT"]
[Termination "Flawless_Fighter won on time"]

1. e4 c6 2. Nc3 d5 3. Nf3 Bg4 4. h3 Bxf3 5. Qxf3 e6 6. Be2 Nf6 7. O-O Be7 8. d4 dxe4 9. Nxe4 Qxd4 10. Nxf6+ Qxf6 11. Qb3 b6 12. Bf3 O-O 13. Rd1 e5 14. Be3 Na6 15. Qc4 Nc5 16. b4 e4 17. Bd4 Qe6 18. Be2 Qxc4 19. Bxc4 Nb7 20. Re1 Bxb4 21. Rxe4 Nd6 22. Rg4 g6 23. Bb3 Nf5 24. Bf6 Bc5 25.
Rd1 Rfe8 26. Rd7 Re1+ 27. Kh2 Bxf2 28. Bxf7+ Kf8 29. g3 Bg1+ 30. Kg2 Ne3+ 31. Kf3 Rf1+ 32. Ke2 Rxf6 33. Bb3 Nxg4 0-1

[Event "*** Titled Tuesday Blitz"]
[Site "Chess.com"]
[Date "2020.04.14"]
[Round "8"]
[White "CroissantNeuf"]
[Black "Funkmaus"]
[Result "0-1"]
[WhiteElo "2384"]
[BlackElo "2213"]
[TimeControl "180+1"]
[EndTime "11:29:37 PDT"]
[Termination "Funkmaus won on time"]

1. Nf3 c6 2. g3 d5 3. Bg2 Nf6 4.
O-O Bf5 5. c4 e6 6. Qb3 Qb6 7.
d3 Nbd7 8. cxd5 exd5 9. Qc2 Be7 10. Nc3 O-O 11. e4 dxe4 12. dxe4 Bg6 13. Be3 Qa5 14. h3 Bb4 15. Nh4 Rfe8 16. Nxg6 hxg6 17. Rad1 Ne5 18. Bc1 Rad8 19. f4 Nc4 20. e5 Bxc3 21. Rxd8 Rxd8 22. bxc3 Nd5 23. Rf3 Qc5+ 24. Kh2 Nde3 25.
Qf2 Rd3 26. f5 gxf5 27. Qe2 Rxc3 28. Bd2 Rc2 29. Bxe3 Nxe3 30. Qxe3 Qb5 31. h4 Qb2 0-1

[Event "*** Titled Tuesday Blitz"]
[Site "Chess.com"]
[Date "2020.04.14"]
[Round "8"]
[White "RiskyDecision"]
[Black "PrinceCharming92"]
[Result "1-0"]
[WhiteElo "2572"]
[BlackElo "2308"]
[TimeControl "180+1"]
[EndTime "11:29:37 PDT"]
[Termination "RiskyDecision won by resignation"]

1. d4 d5 2. c4 c6 3. Nf3 Nf6 4. g3 Bf5 5. Nc3 e6 6. Nh4 Bg6 7. Nxg6 hxg6 8. Bg2 Be7 9. Qd3 O-O 10. O-O dxc4 11.
Qxc4 Nbd7 12. Rd1 Nb6 13. Qb3 Qd7 14. a4 Rfd8 15. e4 Rac8 16. h3 Na8 17. Be3 Qc7 18. Rac1 Qb6 19. Qa2 c5 20. a5 Qb4 21. d5 exd5 22.
exd5 Bd6 23. a6 b5 24. Bd2 Nb6 25. Ne4 Qa4 26. Qxa4 Nxa4 27. Nxd6 Rxd6 28. Bf4 Rd7 29. Rd2 c4 30. d6 b4 31. Bb7 Rc5 32. Be3 c3 33.
bxc3 Rxc3 34. Rb1 b3 35. Bxa7 b2 36. Rdd1 Rc2 37. Bd4 Ne8 38. a7 1-0

[Event "*** Titled Tuesday Blitz"]
[Site "Chess.com"]
[Date "2020.04.14"]
[Round "8"]
[White "grunbergmihai"]
[Black "DonPreuss"]
[Result "0-1"]
[WhiteElo "2322"]
[BlackElo "2190"]
[TimeControl "180+1"]
[EndTime "11:29:37 PDT"]
[Termination "DonPreuss won by resignation"]

1. e4 Nc6 2. d4 e5 3. d5 Nce7 4. Nf3 Ng6 5. Nc3 Bb4 6. h4 h5 7. Bd2 d6 8. Bd3 Bg4 9. a3 Ba5 10. Qe2 N8e7 11. O-O-O Bxc3 12. Bxc3 Nf4 13. Qf1 Bxf3 14.
gxf3 Neg6 15. Bb5+ Kf8 16. Bd2 a6 17. Bc4 Qf6 18.
Be3 Nxh4 19. Bb3 Nhg6 20. Qc4 Qe7 21. Rdg1 Rc8 22. Qb4 b6 23. Qa4 a5 24. Qc6 h4 25.
Qb7 Qd8 26. Bc4 h3 27. Rh2 Rb8 28. Qc6 Rh5 29. Rg3 Qe8 30. Qxe8+ Kxe8 31. Bf1 Ke7 32. c4 Rbh8 33. b4 axb4 34. axb4 Kf6 35. Kb2 Ne7 36.
Bxf4 exf4 37. Rgxh3 Rxh3 38. Rxh3 Rxh3 39. Bxh3 Ng6 40.
Kc3 Ne5 41. Bg2 Kg5 42. c5 bxc5 43. b5 f5 44. Kb3 fxe4 45. fxe4 f3 46. Bf1 Kf4 47. Ka4 Kxe4 48. Ka5 Kxd5 49. Ka6 c4 50. Kb7 c3 51. b6 cxb6 0-1

[Event "*** Titled Tuesday Blitz"]
[Site "Chess.com"]
[Date "2020.04.14"]
[Round "8"]
[White "FairChess_on_YouTube"]
[Black "SantoBlue"]
[Result "1-0"]
[WhiteElo "2995"]
[BlackElo "2816"]
[TimeControl "180+1"]
[EndTime "11:29:38 PDT"]
[Termination "FairChess_on_YouTube won by resignation"]

1. e4 e5 2. Nf3 Nc6 3. Bb5 a6 4. Ba4 Nf6 5. O-O Nxe4 6. d4 b5 7. Bb3 d5 8. dxe5 Be6 9. Qe2 Nc5 10. Rd1 Nxb3 11. axb3 Be7 12. Be3 O-O 13. c4 b4 14. h3 Qd7 15. Nbd2 Qc8 16. c5 Rd8 17. Nd4 Nxe5 18. f4 Ng6 19. c6 Re8 20. Qf2 Bf6 21.
N2f3 Ne7 22. g4 g6 23. Kh2 Bg7 24. Rg1 f5 25. Qh4 Kh8 26. Ne5 Kg8 27. Ndf3 Kh8 28. Bd4 fxg4 29. Ng5 h5 30. hxg4 Bxg4 31. Rxg4 Nf5 32. Nxg6+ Kg8 33. Qxh5 Re2+ 34. Rg2 Rxg2+ 35. Kxg2 Bh6 36. Rh1 Nxd4 37. Ne7+ 1-0

[Event "*** Titled Tuesday Blitz"]
[Site "Chess.com"]
[Date "2020.04.14"]
[Round "8"]
[White "KetiTsatsalashvili"]
[Black "Gubajdullin"]
[Result "0-1"]
[WhiteElo "2223"]
[BlackElo "2450"]
[TimeControl "180+1"]
[EndTime "11:29:39 PDT"]
[Termination "Gubajdullin won by resignation"]

1. d4 d5 2. Nf3 c6 3. Bf4 Nf6 4. e3 Bf5 5. c4 e6 6. Nc3 Qb6 7.
Qc1 Nbd7 8. Be2 h6 9. O-O Be7 10. h3 O-O 11. c5 Qd8 12. b4 b6 13. b5 bxc5 14. bxc6 Nb6 15. dxc5 Bxc5 16. Nb5 Qe7 17.
Nbd4 Bg6 18. Ne5 Bh7 19. c7 Ba3 20. Qc3 Ne4 21. Qa5 Rfc8 22. Nec6 Qf8 23. Ba6 Nc4 24. Qa4 Nc3 25. Qc2 Bxc2 26. Nxc2 Ne2+ 27. Kh1 Nxf4 28. exf4 Rxc7 29. N6d4 Bb2 30. Rab1 Bxd4 31. Nxd4 Qa3 32.
Nb5 Qc5 33. Nxc7 Qxc7 34. Rfc1 Qxf4 35. a4 Qxf2 36. Bb7 Ne3 37. Rg1 Rb8 38. a5 Nf5 39.
a6 Ng3+ 40. Kh2 Qf4 41. Rgc1 Ne2+ 42. Kh1 Nxc1 0-1

[Event "*** Titled Tuesday Blitz"]
[Site "Chess.com"]
[Date "2020.04.14"]
[Round "8"]
[White "talaicito"]
[Black "beto-betun"]
[Result "0-1"]
[WhiteElo "2279"]
[BlackElo "2120"]
[TimeControl "180+1"]
[EndTime "11:29:40 PDT"]
[Termination "beto-betun won on time"]

1. d4 Nf6 2. Nc3 d5 3. Bf4 g6 4. e3 Bg7 5. h4 c5 6. Nb5 Na6 7. c3 O-O 8. a4 cxd4 9. exd4 Bf5 10.
Bd3 Bxd3 11. Qxd3 Nh5 12. Bh2 e5 13. dxe5 Re8 14. O-O-O Bxe5 15. Bxe5 Rxe5 16. Nf3 Nc5 17. Qc2 Re4 18. Rd4 a6 19. Na3 Rxd4 20. cxd4 Ne4 21. Kb1 b5 22. Rc1 Nf4 23. g3 Ne6 24. Qc6 bxa4 25. Qxa4 Qb6 26. Qc6 Rb8 27. Qxb6 Rxb6 28. Rc8+ Kg7 29. Ra8 Nxf2 30. Ra7 Nd3 31.
Kc2 Nxb2 32. Ne5 Nxd4+ 33. Kc3 Ne2+ 34. Kd2 Nxg3 35. Rxf7+ Kh6 36. Rf3 Ne4+ 37. Ke1 Na4 0-1

[Event "*** Titled Tuesday Blitz"]
[Site "Chess.com"]
[Date "2020.04.14"]
[Round "8"]
[White "terrapin33"]
[Black "Rinas_Oleg"]
[Result "0-1"]
[WhiteElo "2117"]
[BlackElo "2262"]
[TimeControl "180+1"]
[EndTime "11:29:40 PDT"]
[Termination "Rinas_Oleg won by resignation"]

1. f4 d5 2. Nf3 c5 3. b3 Nc6 4. Bb2 Nf6 5. e3 e6 6. Bb5 Be7 7. O-O Bd7 8. Bxc6 Bxc6 9. Ne5 Qc7 10. d3 b5 11. a4 b4 12. Nd2 Bb7 13. Rf3 a5 14.
Rg3 Rg8 15. Qe2 h6 16. Rd1 g5 17. fxg5 hxg5 18. Rf1 Rg7 19. Rgf3 Bd6 20. Rxf6 Bxe5 21. Bxe5 Qxe5 22. Qf3 g4 23. Qf4 Qxf4 24. R1xf4 Ke7 25.
Nf1 Rh8 26. Ng3 Rgh7 27. e4 dxe4 28. Nxe4 Bxe4 29. dxe4 Rxh2 30. Rxf7+ Kd6 31. Rxg4 Rh1+ 32. Kf2 Rc1 33. Rg5 Rxc2+ 34. Kg3 Rc3+ 35. Rf3 Rxf3+ 36. Kxf3 Rh1 37. Rg3 Rb1 38. Kf4 c4 39. bxc4 b3 40. Rc3 Rf1+ 41. Kg5 b2 0-1

[Event "*** Titled Tuesday Blitz"]
[Site "Chess.com"]
[Date "2020.04.14"]
[Round "8"]
[White "manuellarrea"]
[Black "RestartingChess"]
[Result "0-1"]
[WhiteElo "2127"]
[BlackElo "2387"]
[TimeControl "180+1"]
[EndTime "11:29:41 PDT"]
[Termination "RestartingChess won on time"]

1. e4 d5 2. exd5 Qxd5 3. Nc3 Qd6 4. d4 Nf6 5. Bc4 c6 6. Nf3 Bf5 7. Bg5 e6 8. Qe2 Be7 9. O-O-O Nbd7 10. Ne5 Nd5 11.
Bxe7 Qxe7 12. Nxd5 cxd5 13. Bb5 O-O-O 14. Bxd7+ Rxd7 15.
Nxd7 Qxd7 16. g4 Bg6 17. h4 h6 18. Rh3 Kb8 19. Rc3 f6 20. h5 Be4 21. f3 Bh7 22. Re1 Re8 23. Re3 Bg8 24. c3 Qa4 25. b3 Qa5 26.
Kb2 Rc8 27. Qh2+ Ka8 28. Qd6 a6 29. f4 Ka7 30. f5 exf5 31. gxf5 Bf7 32. b4 Qb5 33. Rg1 Bxh5 34. Rxg7 Qf1 35. Qe7 Rb8 36. Qc5+ Ka8 37. Ree7 Qf2+ 38. Ka3 Qc2 0-1

[Event "*** Titled Tuesday Blitz"]
[Site "Chess.com"]
[Date "2020.04.14"]
[Round "8"]
[White "ecwinslow"]
[Black "Sjakkerntobi"]
[Result "0-1"]
[WhiteElo "2103"]
[BlackElo "2236"]
[TimeControl "180+1"]
[EndTime "11:29:41 PDT"]
[Termination "Sjakkerntobi won on time"]

1. e4 e6 2. d4 d5 3. Nd2 c5 4. Ngf3 Nc6 5. exd5 exd5 6. Bb5 Nf6 7. O-O Be7 8. dxc5 O-O 9. Nb3 Bg4 10. h3 Bh5 11. Be3 Ne4 12. Be2 a5 13. a4 f5 14.
Bd4 Kh8 15. c3 Rc8 16. Ne5 Bxe2 17. Qxe2 Nxe5 18. Bxe5 Nxc5 19. Nxc5 Bxc5 20. Rad1 Re8 21. Rfe1 Qd7 22. Qf3 Qxa4 23. Qxf5 Rf8 24. Qg4 Qxg4 25.
hxg4 Bxf2+ 26. Kh2 Bxe1 27. Rxe1 Rfe8 28. Kg3 d4 29. cxd4 Rc2 30. Ra1 b6 31. b4 axb4 32. Ra7 Rg8 33. Rb7 h6 34. Rxb6 Kh7 35. Rxb4 Rc3+ 36.
Kh2 Rd3 37. Rb7 Kg6 38. g3 Rd1 39. Kg2 Rd2+ 40. Kf3 Rd1 41. Ke2 Ra1 42. Ke3 Ra3+ 43. Ke4 Ra2 44. d5 Ra4+ 45. Bd4 Re8+ 46. Kd3 Ra3+ 47.
Kd2 Ra2+ 48. Kd3 Ra3+ 49. Kd2 Ra2+ 50. Kd1 Rg8 51. d6 Ra4 52. Be5 Ra5 53. Bf4 Rd5+ 54.
Ke2 Kf6 55. Kf3 g5 56. Be3 Rxd6 0-1

[Event "*** Titled Tuesday Blitz"]
[Site "Chess.com"]
[Date "2020.04.14"]
[Round "8"]
[White "DaggiGretarsson"]
[Black "Gerasimenyuk_Miha"]
[Result "1-0"]
[WhiteElo "2640"]
[BlackElo "2490"]
[TimeControl "180+1"]
[EndTime "11:29:44 PDT"]
[Termination "DaggiGretarsson won by checkmate"]

1. e4 c6 2. Nf3 d5 3. Nc3 dxe4 4. Nxe4 Nf6 5. Nxf6+ gxf6 6. d4 Nd7 7. Bd3 Nb6 8.
O-O h5 9. Re1 h4 10. h3 Be6 11.
Rxe6 fxe6 12. Bg6+ Kd7 13. Qe2 Qc7 14. Bf7 Nd5 15. Bxe6+ Kd8 16. Qe4 Qd6 17. c4 Nc7 18. Bf4 Qb4 19. Bf7 Bh6 20. a3 Qxb2 21. Bxc7+ Kxc7 22. Qxe7+ Kb6 23. c5+ Ka5 24. Qe1+ Ka6 25. Rb1 Qc2 26. Qb4 b5 27. cxb6 Qxb1+ 28. Qxb1 axb6 29. d5 Rhf8 30. Be6 c5 31. Qd3+ Ka7 32. Qh7+ Ka6 33.
Qxh6 Rab8 34. Nxh4 b5 35. Nf3 b4 36. axb4 cxb4 37.
d6 b3 38. Bc4+ Ka5 39. Qd2+ Ka4 40. Qb2 Rb4 41. Qa1# 1-0

[Event "*** Titled Tuesday Blitz"]
[Site "Chess.com"]
[Date "2020.04.14"]
[Round "8"]
[White "AndrewMaco"]
[Black "stoleriu"]
[Result "1/2-1/2"]
[WhiteElo "2608"]
[BlackElo "2480"]
[TimeControl "180+1"]
[EndTime "11:29:44 PDT"]
[Termination "Game drawn by agreement"]

1. e4 e6 2. d4 d5 3. Nc3 Bb4 4. e5 c5 5. a3 Ba5 6. b4 cxd4 7. bxa5 dxc3 8. Qg4 Kf8 9. Nf3 Ne7 10. Bd3 Nbc6 11. a6 bxa6 12. h4 h5 13. Qg3 Rb8 14. O-O Nf5 15.
Bxf5 exf5 16. Bg5 Qc7 17. Rab1 Be6 18. Qf4 Ke8 19. Qa4 Kd7 20. Qxa6 Rxb1 21. Rxb1 Rb8 22. Rd1 Qa5 23. Qd3 Qxa3 24. Bc1 Qb4 25. Be3 a5 26. Bd4 a4 27. Bxc3 Qe4 28. Qa6 Qxc2 29. Rd3 Qb1+ 30. Kh2 Qb5 31. Qxb5 Rxb5 32. Nd4 Nxd4 33.
Bxd4 Rb3 34. Rxb3 axb3 35. Kg3 Kc6 36. Kf4 Kb5 37. Ke3 Kc4 38. g3 g6 39. f4 Bd7 40.
Bb2 Bc6 41. Bd4 Kb4 42. Bb2 Kc4 43. Ba1 1/2-1/2

[Event "*** Titled Tuesday Blitz"]
[Site "Chess.com"]
[Date "2020.04.14"]
[Round "8"]
[White "fugadelafuga"]
[Black "SaguriGuerra"]
[Result "0-1"]
[WhiteElo "2381"]
[BlackElo "2524"]
[TimeControl "180+1"]
[EndTime "11:29:44 PDT"]
[Termination "SaguriGuerra won on time"]

1. e4 e6 2. d4 d5 3. Nd2 Be7 4. Ngf3 Nf6 5. e5 Nfd7 6. Bd3 c5 7. c3 Nc6 8. O-O g5 9. dxc5 Ndxe5 10. Nxe5 Nxe5 11. Nb3 Nxd3 12. Qxd3 f6 13. c4 a5 14. a4 d4 15. Nxd4 Bxc5 16. Rd1 O-O 17. Be3 Qe7 18. Nb5 Ra6 19. Qe4 Rc6 20. b3 Kg7 21. Rd3 e5 22. g4 Bxe3 23. Rxe3 Rd8 24. h3 Be6 25. Ree1 Qb4 26. Qe3 Qd2 27. Rad1 Qxe3 28.
fxe3 Rcc8 29. Nd6 Rb8 30. Kf2 Kf8 31. e4 Ke7 32. Nb5 Rh8 33. Rd6 h5 34. Red1 hxg4 35. hxg4 Bxg4 36. Kg3 Be6 37. Nc3 Rh3+ 38. Kf2 Rbh8 0-1

[Event "*** Titled Tuesday Blitz"]
[Site "Chess.com"]
[Date "2020.04.14"]
[Round "8"]
[White "Hangar-18"]
[Black "MartinMatthiesen"]
[Result "0-1"]
[WhiteElo "2232"]
[BlackElo "2426"]
[TimeControl "180+1"]
[EndTime "11:29:44 PDT"]
[Termination "MartinMatthiesen won by checkmate"]

1. c4 e5 2. g3 Nc6 3. Bg2 f5 4.
Nc3 Bb4 5. Nd5 Bc5 6. d3 Nge7 7. e3 O-O 8. Ne2 Nxd5 9. cxd5 Ne7 10. d4 Bb4+ 11.
Bd2 Bxd2+ 12. Qxd2 e4 13. Nc3 d6 14. f3 exf3 15.
Bxf3 Bd7 16. O-O Kh8 17. b4 Ng8 18. e4 fxe4 19. Nxe4 h6 20. Rac1 Nf6 21. Nxf6 Rxf6 22. Rf2 Bh3 23. Qc3 Qd7 24. Bg2 Rxf2 25. Kxf2 Rf8+ 26.
Kg1 Bxg2 27. Kxg2 Qf5 28. Qxc7 Qxd5+ 29. Kh3 Rf2 30. Qc8+ Kh7 31. Rc7 Qh5# 0-1

[Event "*** Titled Tuesday Blitz"]
[Site "Chess.com"]
[Date "2020.04.14"]
[Round "8"]
[White "Jagerrmeisterr"]
[Black "GelmanAlexander"]
[Result "1-0"]
[WhiteElo "2696"]
[BlackElo "2469"]
[TimeControl "180+1"]
[EndTime "11:29:46 PDT"]
[Termination "Jagerrmeisterr won on time"]

1. e4 c5 2. Nc3 e6 3. g3 Nc6 4. Bg2 Nf6 5. Nge2 Be7 6. O-O d6 7. h3 O-O 8. d3 Rb8 9. f4 Bd7 10.
a4 a6 11. g4 h6 12. Be3 b5 13. Ng3 b4 14. Nce2 Nh7 15. d4 cxd4 16. Nxd4 Qc7 17. Qe2 Nxd4 18. Bxd4 a5 19. g5 hxg5 20. f5 Bf6 21.
Bxf6 Nxf6 22. Qd2 g4 23. hxg4 Nxg4 24. Qg5 Qc5+ 25. Kh1 Nf6 26. Bf3 exf5 27. Rg1 Nh7 28. Qh4 fxe4 29. Bxe4 f5 30. Nh5 Rf7 31. Raf1 Bc6 32.
Bxc6 Qxc6+ 33. Rg2 Re8 34. Rg1 Ree7 35. Kh2 Qf3 36.
Rg3 Re2+ 37. Kh3 Qf2 38. Rxg7+ Rxg7 39. Rxg7+ Kh8 40. Qd8+ 1-0

[Event "*** Titled Tuesday Blitz"]
[Site "Chess.com"]
[Date "2020.04.14"]
[Round "8"]
[White "konradrutkowski"]
[Black "grandcoach"]
[Result "0-1"]
[WhiteElo "2152"]
[BlackElo "1882"]
[TimeControl "180+1"]
[EndTime "11:29:46 PDT"]
[Termination "grandcoach won by resignation"]

1. e4 c5 2. Nf3 e6 3. d3 Nc6 4. g3 g6 5. Bg2 Bg7 6. O-O Nge7 7. c3 d5 8. Qe2 O-O 9. e5 h6 10. h4 Qc7 11. Re1 f6 12. exf6 Rxf6 13. Nbd2 Bd7 14. Nf1 Raf8 15. N1h2 e5 16. Be3 d4 17. Bd2 Nd5 18.
Nxe5 Rxf2 19. Bxd5+ Kh7 20. Qxf2 Rxf2 21. Kxf2 Bxe5 22.
Kg2 Bxg3 23. Rf1 Bxh2 24. Rf7+ Kh8 25. Rf8+ Kg7 26. Rf7+ Kh8 27. Raf1 Nd8 28. Rf8+ Kg7 29. Bf4 Bxf4 30. R1xf4 Qd6 31. Rg8+ Kh7 32. Rff8 Qxd5+ 33. Kf2 Qxg8 0-1

[Event "*** Titled Tuesday Blitz"]
[Site "Chess.com"]
[Date "2020.04.14"]
[Round "8"]
[White "Mikhail_Golubev"]
[Black "AlexOstrovskiy"]
[Result "1/2-1/2"]
[WhiteElo "2531"]
[BlackElo "2652"]
[TimeControl "180+1"]
[EndTime "11:29:47 PDT"]
[Termination "Game drawn by repetition"]

1. e4 c6 2. d4 d5 3. Nc3 dxe4 4. Nxe4 Bf5 5. Ng3 Bg6 6. c3 e6 7. Nh3 Nf6 8. Nf4 Qc7 9. h4 Bd6 10. Qf3 Nbd7 11. h5 Bc2 12. h6 g6 13. Bd3 Bxd3 14.
Nxd3 Qa5 15. O-O Qd5 16. Qe2 O-O-O 17. Nf4 Bxf4 18. Bxf4 g5 19. Be5 Rhg8 20. c4 Qa5 21. Bd6 Rg6 22. b4 Qa4 23. b5 Rxh6 24. Rab1 Nb6 25. Be7 Rd7 26. Rb4 Qa5 27. Bf8 Rg6 28. bxc6 bxc6 29. Rfb1 Rxd4 30. Qf3 Kd7 31. Nh5 Nxh5 32.
Qxf7+ Kc8 33. Qe8+ Kb7 34. Qe7+ Kc8 35. Qe8+ Kb7 36.
Qe7+ Kc8 37. Qe8+ 1/2-1/2

[Event "*** Titled Tuesday Blitz"]
[Site "Chess.com"]
[Date "2020.04.14"]
[Round "8"]
[White "profofchess"]
[Black "GM4life"]
[Result "0-1"]
[WhiteElo "2386"]
[BlackElo "2206"]
[TimeControl "180+1"]
[EndTime "11:29:48 PDT"]
[Termination "GM4life won by resignation"]

1. e4 c5 2. Nf3 d6 3. c3 Nf6 4. Bc4 Nc6 5. Qe2 e6 6. Bb3 Be7 7. d4 O-O 8. O-O cxd4 9. cxd4 d5 10. e5 Ne4 11. Nc3 Nxc3 12. bxc3 Na5 13. Bc2 Bd7 14. Qd3 g6 15. Bh6 Re8 16. g3 a6 17. a4 b5 18. h4 Qc7 19. h5 Qc4 20. hxg6 hxg6 21.
Qe3 Nb3 22. Rad1 Rac8 23. Qf4 Qxc3 24. Bxb3 Qxb3 25. Ng5 Rf8 26. Bxf8 Rxf8 27. Qh4 Bxg5 28.
Qxg5 bxa4 29. Kg2 Qc2 30. Rh1 Qe4+ 31. Kg1 Qe2 32. Rf1 Bb5 33. Kg2 Qxf1+ 34. Rxf1 Bxf1+ 35. Kxf1 Rb8 36. Qe3 Rb3 37. Qg5 a3 38. Qd8+ Kg7 39.
Qa5 Rd3 40. Qxa3 Rxa3 0-1

[Event "*** Titled Tuesday Blitz"]
[Site "Chess.com"]
[Date "2020.04.14"]
[Round "8"]
[White "ReyesBraulio"]
[Black "JesseFebruary"]
[Result "1-0"]
[WhiteElo "2165"]
[BlackElo "1765"]
[TimeControl "180+1"]
[EndTime "11:29:48 PDT"]
[Termination "ReyesBraulio won on time"]

1. d4 Nf6 2. f4 e6 3. Nf3 b6 4. e3 Be7 5. Be2 Bb7 6. O-O O-O 7.
c3 d6 8. Nbd2 c5 9. Qb3 Nbd7 10.
Ng5 h6 11. Bf3 Ba6 12. Nh3 Bxf1 13. Bxa8 Qxa8 14. Nxf1 e5 15. dxe5 dxe5 16. Bd2 Rc8 17. Be1 c4 18. Qc2 Bc5 19. Bf2 Ne4 20. Rd1 Nxf2 21.
Nxf2 Qc6 22. Qd2 exf4 23. exf4 Nf6 24. Kh1 Re8 25. h3 Qe6 26. Ng3 Bxf2 27. Qxf2 Ne4 28. Nxe4 Qxe4 29. Rd4 Qe2 30. Kg1 Qe7 31. Rxc4 b5 32.
Rd4 a5 33. a3 Kh7 34. f5 g6 35. fxg6+ fxg6 36. Rf4 1-0

[Event "*** Titled Tuesday Blitz"]
[Site "Chess.com"]
[Date "2020.04.14"]
[Round "8"]
[White "IngOscarArdila"]
[Black "Playgood28"]
[Result "0-1"]
[WhiteElo "2084"]
[BlackElo "2154"]
[TimeControl "180+1"]
[EndTime "11:29:48 PDT"]
[Termination "Playgood28 won by resignation"]

1. d4 f5 2. g3 Nf6 3. Bg2 g6 4.
Nf3 d6 5. O-O Bg7 6. c4 O-O 7.
Nc3 c6 8. b3 Qc7 9. Bb2 e5 10.
dxe5 dxe5 11. Na4 e4 12. Be5 Qa5 13. Ng5 Qxe5 14. h4 Ng4 15. Rc1 e3 16. f4 Qe7 17.
Qc2 h6 18. Nf3 Na6 19. a3 Be6 20. Rcd1 Rad8 21. b4 Qf7 22. Rc1 b5 23. Nc5 Nxc5 24. bxc5 Bxc4 25. a4 a6 26. axb5 axb5 27. Rfd1 Qe7 28.
h5 g5 29. Rxd8 Qxd8 30. Rd1 Qe7 31. Rd6 gxf4 32. gxf4 Rd8 33. Qxf5 Nf6 34. Rxc6 Bxe2 35. Ne5 Bxh5 36. Re6 Qf8 37. Rd6 e2 38. Kf2 Rxd6 39. cxd6 Qxd6 40. Qc8+ Bf8 41. Qc2 Qd4+ 42. Ke1 Qg1+ 43.
Kd2 e1=Q+ 0-1

[Event "*** Titled Tuesday Blitz"]
[Site "Chess.com"]
[Date "2020.04.14"]
[Round "8"]
[White "Aygehovit1992"]
[Black "GadimbayliA"]
[Result "0-1"]
[WhiteElo "2743"]
[BlackElo "2907"]
[TimeControl "180+1"]
[EndTime "11:29:49 PDT"]
[Termination "GadimbayliA won by resignation"]

1. e4 e5 2. Nc3 Nf6 3. g3 d5 4.
exd5 Nxd5 5. Bg2 Nxc3 6. bxc3 Nc6 7. Rb1 Bc5 8. Ne2 Bb6 9. O-O O-O 10. d3 Be6 11. c4 Qd7 12. Ba3 Rfe8 13. c5 Ba5 14. Rxb7 Bd5 15. Bxd5 Qxd5 16. Qb1 Qf3 17. Qd1 Nd4 18.
Nxd4 Qxb7 19. Nf5 Qc6 20. Qg4 Qg6 21. Qe4 Rab8 22. c6 Kh8 23. h4 h6 24. Kg2 Rb6 25.
Ne7 Qxe4+ 26. dxe4 Bb4 27. Bxb4 Rxb4 28. Nd5 Rxe4 29. Rb1 Rc4 30. Nxc7 Rc8 31. Nb5 R8xc6 32. Nxa7 Ra6 33. Rb8+ Kh7 34. Nc8 Rxc2 35. Ne7 Raxa2 36. h5 Rxf2+ 37. Kh3 Rh2+ 38. Kg4 Ra4+ 39. Kf3 Rxh5 40. Rb7 Rg5 41. Nd5 Ra3+ 42. Ke4 f5+ 43. Kxe5 f4+ 44. Ke4 fxg3 45. Nf6+ Kg6 46. Ne8 g2 47. Rxg7+ Kh5 48.
Nf6+ Kh4 49. Rh7 g1=Q 50. Rxh6+ Kg3 0-1

[Event "*** Titled Tuesday Blitz"]
[Site "Chess.com"]
[Date "2020.04.14"]
[Round "8"]
[White "djogrodek1"]
[Black "narutosmith"]
[Result "0-1"]
[WhiteElo "2526"]
[BlackElo "2244"]
[TimeControl "180+1"]
[EndTime "11:29:49 PDT"]
[Termination "narutosmith won on time"]

1. c4 Nf6 2. g3 g6 3. Bg2 Bg7 4.
Nc3 O-O 5. d4 d6 6. Nf3 Nc6 7.
O-O a6 8. Qd3 Rb8 9. b3 Bf5 10.
e4 Bg4 11. Bb2 Bxf3 12. Bxf3 Nd7 13. Ne2 e5 14. d5 Nc5 15. Qd2 Ne7 16. Bg2 f5 17.
Nc3 a5 18. Qc2 c6 19. Rad1 cxd5 20. Nxd5 Nxd5 21. Rxd5 Qb6 22. Rfd1 Rbd8 23. R1d2 Bh6 24. Rd1 Nxe4 25. Bxe4 fxe4 26. c5 dxc5 27. Qxe4 c4 28. Rf1 c3 29. Bxc3 Qc6 30. Qxe5 Rxd5 31. Qh8+ Kf7 32. Qxh7+ Ke8 33. Qxh6 Qxc3 34. Qxg6+ Kd8 0-1